Islanders vs Canucks

Created - Wednesday, March 02, 2016 at 02:51

Goals
1 2 3 OT1 SO T
Islanders 1 1 1 0 0 3
Canucks 2 0 1 0 2 4
Shots
1 2 3 OT1 SO T
Islanders 7 9 9 1 2 26
Canucks 16 7 10 0 2 33

1st period

1. Canucks , Mats Zuccarello 13 (Nazem Kadri, Alexander Edler) at 15:37
2. Canucks , Derick Brassard 17 (Willie Mitchell) at 18:03 (PP)
3. Islanders , Joe Pavelski 36 (Erik Karlsson, Marian Hossa) at 19:33 (PP)

Penalties :
Kevin Klein (NYI) for Roughing (Minor) at 5:47, Paul Gaustad (NYI) for Interference (Minor) at 13:23, Olli Maatta (NYI) for Hooking (Minor) at 17:38, Clarke MacArthur (Van) for Hooking (Minor) at 19:00

2nd period

4. Islanders , Jamie Benn 62 (Erik Karlsson) at 11:15

Penalties :
Dustin Brown (NYI) for Hooking (Minor) at 7:01, Paul Gaustad (NYI) for Roughing (Minor) at 12:03, Dustin Brown (NYI) for Hooking (Minor) at 16:21, Alexander Edler (Van) for High sticking (Minor) at 16:55

3rd period

5. Islanders , Joe Pavelski 37 (Marian Hossa) at 9:39
6. Canucks , Jack Johnson 9 (Nazem Kadri, Mats Zuccarello) at 11:20 (PP)

Penalties :
Derick Brassard (Van) for Hooking (Minor) at 0:20, David Krejci (NYI) for Interference (Minor) at 5:44, Dalton Prout (NYI) for Charging (Minor) at 11:01, Erik Karlsson (NYI) for Delaying the game (Minor) at 12:04, Dalton Prout (NYI) for Cross-checking (Minor) at 15:38

Overtime #1

No Goal

Penalties :
No Penalty

Shootout

Penalty Shot by Joe Pavelski for Islanders - Stopped by Ben Bishop
Penalty Shot by Derick Brassard for Canucks - Goal!
Penalty Shot by Frans Nielsen for Islanders - Stopped by Ben Bishop
Penalty Shot by Tomas Kopecky for Canucks - Goal!

Penalties :
No Penalty

Goalie Stats

Braden Holtby (NYI), 30 saves from 33 shots - (0.909), OTL, 41-12-4, 65:00 minutes
Ben Bishop (Van), 23 saves from 26 shots - (0.885), W, 32-20-6, 65:00 minutes

Players Stats for Islanders

Player Name              G  A  P  +/- PIM S  H  SB GA TA FO     MP     PP MP  PK MP  
------------------------------------------------------------------------------------
Alexei Emelin            0  0  0  -1  0   3  2  0  0  0  0/0    26:44   0:00  10:07 
Brandon Pirri            0  0  0   1  0   3  1  0  2  0  0/0    13:19   1:14   0:00 
Carl Hagelin             0  0  0   1  0   1  0  0  0  0  2/4    18:56   1:40   5:35 
Craig Adams              0  0  0   0  0   1  0  1  5  1  0/2    18:57   0:00  11:09 
Dalton Prout             0  0  0   0  4   0  1  0  0  0  0/0    19:46   0:00   6:04 
David Krejci             0  0  0   0  2   0  1  0  0  0  9/20   19:46   1:14   1:42 
Dustin Brown             0  0  0  -1  4   2  1  1  0  0  0/0    15:16   2:16   0:34 
Erik Karlsson            0  2  2   2  2   3  2  0  2  1  0/0    23:39   2:30   0:00 
Frans Nielsen            0  0  0   0  0   0  0  0  0  0  6/9    13:27   0:00   3:28 
Jamie Benn               1  0  1   1  0   2  1  1  3  0  0/0    17:07   1:26   0:00 
Joe Pavelski             2  0  2   1  0   2  0  1  1  1  3/7    14:48   1:52   0:00 
Kevin Klein              0  0  0   2  2   1  4  3  0  2  0/0    23:36   0:26   7:22 
Marian Hossa             0  2  2   1  0   2  0  1  1  1  0/0    13:13   1:40   0:00 
Olli Maatta              0  0  0  -1  2   1  1  1  0  0  0/0    23:34   0:36   6:49 
Patrik Berglund          0  0  0   0  0   2  1  0  0  0  0/0     5:38   0:00   0:00 
Paul Gaustad             0  0  0  -1  4   0  1  0  1  0  8/14   15:14   0:00   7:54 
Rob Scuderi              0  0  0   0  0   0  0  0  0  1  0/0     9:40   0:00   0:00 
Tyler Ennis              0  0  0   0  0   3  0  0  1  0  0/0    10:34   0:36   0:00 

Players Stats for Canucks

Player Name              G  A  P  +/- PIM S  H  SB GA TA FO     MP     PP MP  PK MP  
------------------------------------------------------------------------------------
Alexander Edler          0  1  1   1  2   2  1  3  1  3  0/0    23:42   7:11   1:37 
Andrei Markov            0  0  0  -1  0   1  0  2  1  2  0/0    29:07   7:59   1:29 
Antoine Roussel          0  0  0  -1  0   0  4  0  0  1  0/0    18:50   8:11   2:41 
Brendan Gallagher        0  0  0   0  0   4  2  0  1  0  1/2    21:12   7:00   0:00 
Christopher Tanev        0  0  0  -1  0   0  0  1  0  0  0/0    12:18   0:00   0:00 
Clarke MacArthur         0  0  0   0  2   0  3  0  0  0  0/1    11:27   0:00   0:25 
Craig Smith              0  0  0   0  0   5  3  0  2  0  1/1    23:01   8:11   0:04 
Derick Brassard          1  0  1  -1  2   3  3  0  3  0  13/25  26:09   8:11   0:00 
Jack Johnson             1  0  1  -1  0   4  1  3  0  1  0/0    29:07   7:59   1:29 
Jannik Hansen            0  0  0  -1  0   0  0  0  0  0  1/2    11:42   0:00   0:00 
Joel Ward                0  0  0   0  0   1  0  0  1  0  0/0    11:47   0:00   0:00 
Justin Braun             0  0  0   0  0   0  0  0  0  0  0/0     0:00   0:00   0:00 
Mats Zuccarello          1  1  2   1  0   6  1  1  1  0  0/1    19:32   7:00   0:00 
Nazem Kadri              0  2  2   0  0   6  0  0  2  0  6/12   21:12   7:00   0:00 
Nick Leddy               0  0  0  -1  0   0  0  0  0  0  0/0    12:18   0:00   0:00 
Peter Holland            0  0  0   0  0   1  1  2  0  0  6/12   15:03   0:00   2:37 
Tomas Kopecky            0  0  0  -1  0   0  0  0  0  0  0/0     5:24   0:00   0:25 
Willie Mitchell          0  1  1   1  0   0  5  6  0  0  0/0    23:35   7:12   1:37 

3 Stars

1 - Joe Pavelski (NYI)
2 - Mats Zuccarello (Van)
3 - Willie Mitchell (Van)

Power Play

Islanders - 1 on 3 Attempt(s) - 33.33%
Canucks - 2 on 10 Attempt(s) - 20.00%

Penalty Kill

Islanders - 8 on 10 Attempt(s) - 80.00% - Score 0 goal in Penalty Kill
Canucks - 2 on 3 Attempt(s) - 66.67% - Score 0 goal in Penalty Kill

Team Stat

Islanders - Hits : 16 - Faceoff Wins : 28 - Blocked Shots : 9 - Penalty Minutes : 20
Canucks - Hits : 24 - Faceoff Wins : 28 - Blocked Shots : 18 - Penalty Minutes : 6

Official

Referees : Unknown
Linesman : Unknown

Game Notes

No Game Note

Finance

Level 1 -- Attendance: 5850 (97.50%) -- Ticket Income $468,000
Level 2 -- Attendance: 5000 (100.00%) -- Ticket Income $265,000
Level 3 -- Attendance: 2000 (100.00%) -- Ticket Income $62,000
Level 4 -- Attendance: 4000 (100.00%) -- Ticket Income $68,000
Luxury Box -- Attendance: 1000 (100.00%) -- Ticket Income $176,000
Game was played at the Rogers Place.
Total Attendance: 17850 (99.17%)
Total Ticket Income: $1,039,000
Other Income: $509,110
Total Income: $1,548,110

Islanders

5 vs 5 Forward 
   Center                   Left Wing                Right Wing               Time % Phy DF OF 
 1 David Krejci             Jamie Benn               Brandon Pirri            32     1   2  2  
 2 Joe Pavelski             Carl Hagelin             Marian Hossa             27     1   2  2  
 3 Frans Nielsen            Dustin Brown             Tyler Ennis              23     1   2  2  
 4 Paul Gaustad             Craig Adams              Patrik Berglund          18     1   2  2  

5 vs 5 Defense 
   Defense                  Defense                                           Time % Phy DF OF 
 1 Erik Karlsson            Kevin Klein                                       33     1   2  2  
 2 Alexei Emelin            Olli Maatta                                       30     1   2  2  
 3 Rob Scuderi              Dalton Prout                                      24     1   2  2  
 4 Erik Karlsson            Dalton Prout                                      13     1   2  2  

PowerPlay Forward 
   Center                   Left Wing                Right Wing               Time % Phy DF OF 
 1 David Krejci             Jamie Benn               Brandon Pirri            57     1   2  2  
 2 Joe Pavelski             Carl Hagelin             Marian Hossa             43     1   2  2  

PowerPlay Defense
   Defense                  Defense                                           Time % Phy DF OF 
 1 Erik Karlsson            Dustin Brown                                      60     1   2  2  
 2 Erik Karlsson            Tyler Ennis                                       40     1   2  2  

Penalty Kill 4 Players Forward 
   Center                   Wing                     Time % Phy DF OF 
 1 Paul Gaustad             Craig Adams              60     1   2  2  
 2 Frans Nielsen            Carl Hagelin             40     1   2  2  

Penalty Kill 4 Players Defense
   Defense                  Defense                  Time % Phy DF OF 
 1 Kevin Klein              Dalton Prout             50     1   2  2  
 2 Olli Maatta              Alexei Emelin            50     1   2  2  

Penalty Kill - 3 Players Forward 
   Forward                                           Time % Phy DF OF 
 1 Paul Gaustad                                      60     1   2  2  
 2 Frans Nielsen                                     40     1   2  2  

Penalty Kill - 3 Players Defense
   Defense                  Defense                  Time % Phy DF OF 
 1 Dalton Prout             Kevin Klein              50     1   2  2  
 2 Olli Maatta              Alexei Emelin            50     1   2  2  

4 vs 4 Forward 
   Center                   Wing                     Time % Phy DF OF 
 1 David Krejci             Jamie Benn               60     1   2  2  
 2 Joe Pavelski             Marian Hossa             40     1   2  2  

4 vs 4 Defense
   Defense                  Defense                  Time % Phy DF OF 
 1 Erik Karlsson            Alexei Emelin            60     1   2  2  
 2 Olli Maatta              Kevin Klein              40     1   2  2  

Last Minutes Offensive
   Center                   Left Wing                Right Wing               Defense                  Defense                  
   Joe Pavelski             Jamie Benn               Dalton Prout             Erik Karlsson            Olli Maatta              

Last Minutes Defensive
   Center                   Left Wing                Right Wing               Defense                  Defense                  
   Paul Gaustad             Joe Pavelski             Craig Adams              Olli Maatta              Dalton Prout             

Goaltenders
Starting : Braden Holtby            
Backup : Andrew Hammond           

Extra Forwards
Normal : Jamie Benn, Joe Pavelski, Dustin Brown - PP : David Krejci, Jamie Benn - PK : Carl Hagelin
Extra Defensemen
Normal : Erik Karlsson, Olli Maatta, Alexei Emelin - PP : Erik Karlsson - PK : Alexei Emelin, Olli Maatta
Penalty Shots
Joe Pavelski, Frans Nielsen, Tyler Ennis, Jamie Benn, Dustin Brown

Canucks

5 vs 5 Forward 
   Center                   Left Wing                Right Wing               Time % Phy DF OF 
 1 Derick Brassard          Clarke MacArthur         Craig Smith              35     1   1  3  
 2 Nazem Kadri              Jannik Hansen            Brendan Gallagher        32     1   1  3  
 3 Peter Holland            Mats Zuccarello          Joel Ward                20     1   2  2  
 4 Derick Brassard          Antoine Roussel          Tomas Kopecky            13     1   3  1  

5 vs 5 Defense 
   Defense                  Defense                                           Time % Phy DF OF 
 1 Jack Johnson             Andrei Markov                                     35     1   2  2  
 2 Alexander Edler          Willie Mitchell                                   30     1   2  2  
 3 Nick Leddy               Christopher Tanev                                 22     1   2  2  
 4 Jack Johnson             Andrei Markov                                     13     1   2  2  

PowerPlay Forward 
   Center                   Left Wing                Right Wing               Time % Phy DF OF 
 1 Derick Brassard          Antoine Roussel          Craig Smith              60     1   1  3  
 2 Nazem Kadri              Mats Zuccarello          Brendan Gallagher        40     1   1  3  

PowerPlay Defense
   Defense                  Defense                                           Time % Phy DF OF 
 1 Jack Johnson             Andrei Markov                                     60     1   2  2  
 2 Alexander Edler          Willie Mitchell                                   40     1   2  2  

Penalty Kill 4 Players Forward 
   Center                   Wing                     Time % Phy DF OF 
 1 Peter Holland            Antoine Roussel          60     1   3  1  
 2 Derick Brassard          Tomas Kopecky            40     1   3  1  

Penalty Kill 4 Players Defense
   Defense                  Defense                  Time % Phy DF OF 
 1 Jack Johnson             Andrei Markov            60     1   3  1  
 2 Alexander Edler          Willie Mitchell          40     1   3  1  

Penalty Kill - 3 Players Forward 
   Forward                                           Time % Phy DF OF 
 1 Peter Holland                                     60     1   3  1  
 2 Derick Brassard                                   40     1   3  1  

Penalty Kill - 3 Players Defense
   Defense                  Defense                  Time % Phy DF OF 
 1 Jack Johnson             Andrei Markov            60     1   3  1  
 2 Alexander Edler          Willie Mitchell          40     1   3  1  

4 vs 4 Forward 
   Center                   Wing                     Time % Phy DF OF 
 1 Derick Brassard          Craig Smith              60     1   2  2  
 2 Nazem Kadri              Brendan Gallagher        40     1   2  2  

4 vs 4 Defense
   Defense                  Defense                  Time % Phy DF OF 
 1 Jack Johnson             Andrei Markov            60     1   2  2  
 2 Alexander Edler          Willie Mitchell          40     1   2  2  

Last Minutes Offensive
   Center                   Left Wing                Right Wing               Defense                  Defense                  
   Derick Brassard          Jannik Hansen            Brendan Gallagher        Jack Johnson             Andrei Markov            

Last Minutes Defensive
   Center                   Left Wing                Right Wing               Defense                  Defense                  
   Peter Holland            Tomas Kopecky            Joel Ward                Jack Johnson             Willie Mitchell          

Goaltenders
Starting : Ben Bishop               
Backup : Mike McKenna             

Extra Forwards
Normal : Craig Smith, Antoine Roussel, Clarke MacArthur - PP : Craig Smith, Antoine Roussel - PK : Tomas Kopecky
Extra Defensemen
Normal : Nick Leddy, Christopher Tanev, Alexander Edler - PP : Nick Leddy - PK : Christopher Tanev, Alexander Edler
Penalty Shots
Derick Brassard, Tomas Kopecky, Joel Ward, Nazem Kadri, Brendan Gallagher

% Time on Ice - Islanders

Lines # - Real PCT - Wanted PCT - Time Play
Normal Forward
1 - 34% - 32% - 13:49
2 - 29% - 27% - 11:41
3 - 23% - 23% - 9:10
4 - 14% - 18% - 5:38
Normal Defense
1 - 37% - 33% - 14:45
2 - 32% - 30% - 12:45
3 - 24% - 24% - 9:40
4 - 8% - 13% - 3:08
PP Forward
1 - 46% - 57% - 1:26
2 - 54% - 43% - 1:40
PP Defense
1 - 67% - 60% - 2:04
2 - 33% - 40% - 1:02
PK Forward
1 - 77% - 60% - 11:43
2 - 23% - 40% - 3:28
PK Defense
1 - 55% - 50% - 8:22
2 - 45% - 50% - 6:49
PK3 Forward
1 - 0% - 60%
2 - 0% - 40%
PK3 Defense
1 - 0% - 50%
2 - 0% - 50%
44 Forward
1 - 89% - 60% - 5:44
2 - 11% - 40% - 0:41
44 Defense
1 - 64% - 60% - 4:05
2 - 36% - 40% - 2:20
Last Minute Offensive  - 0:00
Last Minute Defensive  - 0:00
Total
Forward - 65:00
Defense - 65:00

% Time on Ice - Canucks

Lines # - Real PCT - Wanted PCT - Time Play
Normal Forward
1 - 26% - 35% - 10:25
2 - 33% - 32% - 13:07
3 - 29% - 20% - 11:47
4 - 12% - 13% - 4:59
Normal Defense
1 - 34% - 35% - 13:46
2 - 30% - 30% - 12:15
3 - 31% - 22% - 12:18
4 - 5% - 13% - 1:59
PP Forward
1 - 54% - 60% - 8:11
2 - 46% - 40% - 7:00
PP Defense
1 - 53% - 60% - 7:59
2 - 47% - 40% - 7:12
PK Forward
1 - 100% - 60% - 3:06
2 - 0% - 40% - 0:00
PK Defense
1 - 48% - 60% - 1:29
2 - 52% - 40% - 1:37
PK3 Forward
1 - 0% - 60%
2 - 0% - 40%
PK3 Defense
1 - 0% - 60%
2 - 0% - 40%
44 Forward
1 - 83% - 60% - 5:20
2 - 17% - 40% - 1:05
44 Defense
1 - 61% - 60% - 3:54
2 - 39% - 40% - 2:31
Last Minute Offensive  - 0:00
Last Minute Defensive  - 0:00
Total
Forward - 65:00
Defense - 65:00

Play by Play

1st period


0:01 of 1st period - Derick Brassard wins face-off versus David Krejci in neutral zone.
0:14 of 1st period - Clarke MacArthur is hit by Jamie Benn.
1:01 of 1st period - Snap shot by Nazem Kadri.
1:01 of 1st period - Stopped by Braden Holtby with a rebound.
1:03 of 1st period - Wrist shot by Nazem Kadri.
1:03 of 1st period - Shot Blocked by Kevin Klein.
1:05 of 1st period - Slapshot by Willie Mitchell.
1:05 of 1st period - Deflect By Brendan Gallagher.
1:05 of 1st period - Shot Misses the Net.
1:05 of 1st period - Puck is out of play.
1:06 of 1st period - Peter Holland wins face-off versus Frans Nielsen in Islanders zone.
1:57 of 1st period - Willie Mitchell is hit by Patrik Berglund and loses puck.
2:06 of 1st period - Wrist shot by Patrik Berglund.
2:06 of 1st period - Shot Blocked by Willie Mitchell.
2:17 of 1st period - Rob Scuderi is hit by Willie Mitchell and loses puck.
2:40 of 1st period - Erik Karlsson is hit by Antoine Roussel and loses puck.
3:11 of 1st period - Wrist shot by Nazem Kadri.
3:11 of 1st period - Deflect By Joe Pavelski.
3:11 of 1st period - Shot Misses the Net.
3:11 of 1st period - Puck is out of play.
3:12 of 1st period - Nazem Kadri wins face-off versus David Krejci in Islanders zone.
3:17 of 1st period - Slapshot by Brendan Gallagher.
3:17 of 1st period - Deflect By Nazem Kadri.
3:17 of 1st period - Stopped by Braden Holtby without a rebound.
3:18 of 1st period - David Krejci wins face-off versus Brendan Gallagher in Islanders zone.
3:43 of 1st period - Wrist shot by Nazem Kadri.
3:43 of 1st period - Shot Misses the Net.
4:32 of 1st period - Snap shot by Erik Karlsson.
4:32 of 1st period - Shot Blocked by Christopher Tanev.
4:46 of 1st period - Frans Nielsen is hit by Mats Zuccarello.
5:01 of 1st period - Kevin Klein is hit by Derick Brassard and loses puck.
5:28 of 1st period - Jannik Hansen is hit by Kevin Klein and loses puck.
5:47 of 1st period - Minor Penalty to Kevin Klein for Roughing.
5:48 of 1st period - Paul Gaustad wins face-off versus Derick Brassard in Islanders zone.
5:59 of 1st period - Olli Maatta is hit by Willie Mitchell and loses puck.
6:06 of 1st period - Snap shot by Derick Brassard.
6:06 of 1st period - Shot Misses the Net.
6:08 of 1st period - Slapshot by Willie Mitchell.
6:08 of 1st period - Shot Blocked by Olli Maatta.
6:10 of 1st period - Slapshot by Alexander Edler.
6:10 of 1st period - Deflect By Derick Brassard.
6:10 of 1st period - Shot Misses the Net.
6:10 of 1st period - Puck is out of play.
6:11 of 1st period - Nazem Kadri wins face-off versus Paul Gaustad in Islanders zone.
6:26 of 1st period - Slapshot by Nazem Kadri.
6:26 of 1st period - Deflect By Olli Maatta.
6:26 of 1st period - Shot Misses the Net.
6:26 of 1st period - Puck is out of play.
6:27 of 1st period - Paul Gaustad wins face-off versus Nazem Kadri in Islanders zone.
6:44 of 1st period - Wrist shot by Brendan Gallagher.
6:44 of 1st period - Stopped by Braden Holtby with a rebound.
6:46 of 1st period - Wrist shot by Mats Zuccarello.
6:46 of 1st period - Stopped by Braden Holtby without a rebound.
6:47 of 1st period - Derick Brassard wins face-off versus Paul Gaustad in Islanders zone.
6:48 of 1st period - Slapshot by Andrei Markov.
6:48 of 1st period - Shot Misses the Net.
6:50 of 1st period - Snap shot by Andrei Markov.
6:50 of 1st period - Shot Misses the Net.
7:10 of 1st period - Wrist shot by Craig Smith.
7:10 of 1st period - Stopped by Braden Holtby without a rebound.
7:11 of 1st period - Frans Nielsen wins face-off versus Nazem Kadri in Islanders zone.
7:47 of 1st period - Penalty to Kevin Klein is over, Kevin Klein is back on ice.
8:10 of 1st period - Wrist shot by Derick Brassard.
8:10 of 1st period - Shot Misses the Net.
9:50 of 1st period - Brandon Pirri is hit by Clarke MacArthur and loses puck.
10:29 of 1st period - Wrist shot by Patrik Berglund.
10:29 of 1st period - Deflect By Craig Adams.
10:29 of 1st period - Stopped by Ben Bishop with a rebound.
10:47 of 1st period - Willie Mitchell is hit by Kevin Klein and loses puck.
10:54 of 1st period - Snap shot by Tyler Ennis.
10:54 of 1st period - Shot Misses the Net.
10:56 of 1st period - Snap shot by Dustin Brown.
10:56 of 1st period - Shot Misses the Net.
10:58 of 1st period - Snap shot by Olli Maatta.
10:58 of 1st period - Shot Blocked by Willie Mitchell.
11:00 of 1st period - Slapshot by Olli Maatta.
11:00 of 1st period - Shot Misses the Net.
11:23 of 1st period - Slapshot by Erik Karlsson.
11:23 of 1st period - Stopped by Ben Bishop with a rebound.
11:25 of 1st period - Snap shot by Erik Karlsson.
11:25 of 1st period - Shot Misses the Net.
11:35 of 1st period - Wrist shot by Joe Pavelski.
11:35 of 1st period - Deflect By Marian Hossa.
11:35 of 1st period - Stopped by Ben Bishop with a rebound.
11:37 of 1st period - Slapshot by Kevin Klein.
11:37 of 1st period - Shot Blocked by Andrei Markov.
11:39 of 1st period - Snap shot by Carl Hagelin.
11:39 of 1st period - Stopped by Ben Bishop without a rebound.
11:40 of 1st period - Paul Gaustad wins face-off versus Peter Holland in Canucks zone.
11:54 of 1st period - Slapshot by Alexei Emelin.
11:54 of 1st period - Stopped by Ben Bishop with a rebound.
12:46 of 1st period - Snap shot by Marian Hossa.
12:46 of 1st period - Stopped by Ben Bishop with a rebound.
13:18 of 1st period - Wrist shot by Craig Smith.
13:18 of 1st period - Stopped by Braden Holtby without a rebound.
13:19 of 1st period - Peter Holland wins face-off versus Paul Gaustad in Islanders zone.
13:23 of 1st period - Minor Penalty to Paul Gaustad for Interference.
13:24 of 1st period - Derick Brassard wins face-off versus David Krejci in Islanders zone.
14:24 of 1st period - Snap shot by Craig Smith.
14:24 of 1st period - Stopped by Braden Holtby without a rebound.
14:25 of 1st period - Carl Hagelin wins face-off versus Derick Brassard in Islanders zone.
14:46 of 1st period - Snap shot by Brendan Gallagher.
14:46 of 1st period - Shot Misses the Net.
14:48 of 1st period - Snap shot by Jack Johnson.
14:48 of 1st period - Deflect By Brendan Gallagher.
14:48 of 1st period - Stopped by Braden Holtby with a rebound.
14:50 of 1st period - Snap shot by Mats Zuccarello.
14:50 of 1st period - Shot Blocked by Kevin Klein.
14:52 of 1st period - Slapshot by Jack Johnson.
14:52 of 1st period - Stopped by Braden Holtby with a rebound.
15:13 of 1st period - Olli Maatta is hit by Craig Smith.
15:23 of 1st period - Penalty to Paul Gaustad is over, Paul Gaustad is back on ice.
15:29 of 1st period - Wrist shot by Mats Zuccarello.
15:29 of 1st period - Stopped by Braden Holtby with a rebound.
15:31 of 1st period - Slapshot by Alexander Edler.
15:31 of 1st period - Deflect By David Krejci.
15:31 of 1st period - Stopped by Braden Holtby with a rebound.
15:35 of 1st period - Slapshot by Nazem Kadri.
15:35 of 1st period - Stopped by Braden Holtby with a rebound.
15:37 of 1st period - Snap shot by Mats Zuccarello.
15:37 of 1st period - Goal by Mats Zuccarello - Islanders : 0 - Canucks : 1.
15:38 of 1st period - Frans Nielsen wins face-off versus Peter Holland in neutral zone.
15:57 of 1st period - Wrist shot by Mats Zuccarello.
15:57 of 1st period - Stopped by Braden Holtby without a rebound.
15:58 of 1st period - Frans Nielsen wins face-off versus Peter Holland in Islanders zone.
16:14 of 1st period - Willie Mitchell is hit by Erik Karlsson and loses puck.
16:33 of 1st period - Kevin Klein is hit by Willie Mitchell and loses puck.
16:44 of 1st period - Marian Hossa is hit by Antoine Roussel and loses puck.
17:38 of 1st period - Minor Penalty to Olli Maatta for Hooking.
17:39 of 1st period - Paul Gaustad wins face-off versus Derick Brassard in Islanders zone.
17:51 of 1st period - Slapshot by Derick Brassard.
17:51 of 1st period - Shot Misses the Net.
17:53 of 1st period - Snap shot by Antoine Roussel.
17:53 of 1st period - Shot Misses the Net.
17:55 of 1st period - Slapshot by Willie Mitchell.
17:55 of 1st period - Shot Blocked by Kevin Klein.
17:57 of 1st period - Snap shot by Derick Brassard.
17:57 of 1st period - Deflect By Craig Smith.
17:57 of 1st period - Shot Misses the Net.
17:57 of 1st period - Puck is out of play.
17:58 of 1st period - Paul Gaustad wins face-off versus Derick Brassard in Islanders zone.
18:03 of 1st period - Wrist shot by Derick Brassard.
18:03 of 1st period - Goal by Derick Brassard - Islanders : 0 - Canucks : 2.
18:04 of 1st period - David Krejci wins face-off versus Peter Holland in neutral zone.
18:41 of 1st period - Wrist shot by Brandon Pirri.
18:41 of 1st period - Shot Misses the Net.
19:00 of 1st period - Minor Penalty to Clarke MacArthur for Hooking.
19:01 of 1st period - Peter Holland wins face-off versus Joe Pavelski in Canucks zone.
19:29 of 1st period - Slapshot by Erik Karlsson.
19:29 of 1st period - Shot Blocked by Peter Holland.
19:31 of 1st period - Slapshot by Joe Pavelski.
19:31 of 1st period - Shot Blocked by Peter Holland.
19:33 of 1st period - Slapshot by Joe Pavelski.
19:33 of 1st period - Goal by Joe Pavelski - Islanders : 1 - Canucks : 2.
19:34 of 1st period - Derick Brassard wins face-off versus David Krejci in neutral zone.
19:50 of 1st period - Wrist shot by Derick Brassard.
19:50 of 1st period - Shot Blocked by Jamie Benn.
19:52 of 1st period - Slapshot by Derick Brassard.
19:52 of 1st period - Stopped by Braden Holtby with a rebound.
Goals for this period are 1 for Islanders vs 2 for Canucks.
Shots for this period are 7 for Islanders vs 16 for Canucks.

2nd period


0:01 of 2nd period - Frans Nielsen wins face-off versus Derick Brassard in neutral zone.
0:59 of 2nd period - Wrist shot by Nazem Kadri.
0:59 of 2nd period - Stopped by Braden Holtby with a rebound.
2:07 of 2nd period - Jamie Benn is hit by Peter Holland and loses puck.
2:15 of 2nd period - Icing by Alexei Emelin.
2:16 of 2nd period - David Krejci wins face-off versus Derick Brassard in Islanders zone.
2:45 of 2nd period - David Krejci is hit by Derick Brassard and loses puck.
3:43 of 2nd period - Icing by Kevin Klein.
3:44 of 2nd period - Joe Pavelski wins face-off versus Derick Brassard in Islanders zone.
5:04 of 2nd period - Snap shot by Patrik Berglund.
5:04 of 2nd period - Stopped by Ben Bishop with a rebound.
5:06 of 2nd period - Snap shot by Alexei Emelin.
5:06 of 2nd period - Stopped by Ben Bishop with a rebound.
5:08 of 2nd period - Slapshot by Olli Maatta.
5:08 of 2nd period - Stopped by Ben Bishop with a rebound.
5:24 of 2nd period - Nazem Kadri is hit by Alexei Emelin and loses puck.
6:48 of 2nd period - Slapshot by Jack Johnson.
6:48 of 2nd period - Shot Misses the Net.
6:50 of 2nd period - Wrist shot by Peter Holland.
6:50 of 2nd period - Shot Misses the Net.
7:01 of 2nd period - Minor Penalty to Dustin Brown for Hooking.
7:02 of 2nd period - Paul Gaustad wins face-off versus Derick Brassard in Islanders zone.
7:02 of 2nd period - Paul Gaustad is hit by Antoine Roussel.
8:25 of 2nd period - Snap shot by Nazem Kadri.
8:25 of 2nd period - Stopped by Braden Holtby with a rebound.
8:27 of 2nd period - Slapshot by Alexander Edler.
8:27 of 2nd period - Deflect By Mats Zuccarello.
8:27 of 2nd period - Shot Misses the Net.
8:27 of 2nd period - Puck is out of play.
8:28 of 2nd period - Paul Gaustad wins face-off versus Nazem Kadri in Islanders zone.
8:28 of 2nd period - Paul Gaustad is hit by Brendan Gallagher.
8:34 of 2nd period - Slapshot by Olli Maatta.
8:34 of 2nd period - Shot Blocked by Mats Zuccarello.
9:01 of 2nd period - Penalty to Dustin Brown is over, Dustin Brown is back on ice.
9:01 of 2nd period - Paul Gaustad is hit by Derick Brassard and loses puck.
9:46 of 2nd period - Off-side.
9:47 of 2nd period - Carl Hagelin wins face-off versus Nazem Kadri in neutral zone.
10:10 of 2nd period - Snap shot by Mats Zuccarello.
10:10 of 2nd period - Shot Blocked by Marian Hossa.
10:12 of 2nd period - Wrist shot by Alexander Edler.
10:12 of 2nd period - Shot Blocked by Joe Pavelski.
10:14 of 2nd period - Snap shot by Mats Zuccarello.
10:14 of 2nd period - Shot Misses the Net.
10:16 of 2nd period - Slapshot by Alexander Edler.
10:16 of 2nd period - Stopped by Braden Holtby with a rebound.
10:44 of 2nd period - Frans Nielsen is hit by Craig Smith and loses puck.
11:01 of 2nd period - Snap shot by Tyler Ennis.
11:01 of 2nd period - Stopped by Ben Bishop without a rebound.
11:02 of 2nd period - Nazem Kadri wins face-off versus David Krejci in Canucks zone.
11:15 of 2nd period - Snap shot by Jamie Benn.
11:15 of 2nd period - Goal by Jamie Benn - Islanders : 2 - Canucks : 2.
11:16 of 2nd period - Peter Holland wins face-off versus David Krejci in neutral zone.
11:31 of 2nd period - Slapshot by Jack Johnson.
11:31 of 2nd period - Deflect By Joel Ward.
11:31 of 2nd period - Shot Misses the Net.
11:31 of 2nd period - Puck is out of play.
11:32 of 2nd period - David Krejci wins face-off versus Mats Zuccarello in Islanders zone.
11:45 of 2nd period - Slapshot by Erik Karlsson.
11:45 of 2nd period - Stopped by Ben Bishop with a rebound.
11:53 of 2nd period - Slapshot by Erik Karlsson.
11:53 of 2nd period - Shot Misses the Net.
11:55 of 2nd period - Backhand shot by Kevin Klein.
11:55 of 2nd period - Stopped by Ben Bishop with a rebound.
11:57 of 2nd period - Snap shot by Kevin Klein.
11:57 of 2nd period - Shot Blocked by Andrei Markov.
11:59 of 2nd period - Slapshot by Kevin Klein.
11:59 of 2nd period - Deflect By Jamie Benn.
11:59 of 2nd period - Shot Blocked by Jack Johnson.
11:59 of 2nd period - Puck is out of play.
12:00 of 2nd period - Jannik Hansen wins face-off versus Paul Gaustad in Canucks zone.
12:03 of 2nd period - Minor Penalty to Paul Gaustad for Roughing.
12:04 of 2nd period - Derick Brassard wins face-off versus Carl Hagelin in Islanders zone.
12:13 of 2nd period - Slapshot by Craig Smith.
12:13 of 2nd period - Stopped by Braden Holtby without a rebound.
12:14 of 2nd period - Derick Brassard wins face-off versus Carl Hagelin in Islanders zone.
12:15 of 2nd period - Slapshot by Andrei Markov.
12:15 of 2nd period - Stopped by Braden Holtby with a rebound.
12:17 of 2nd period - Slapshot by Jack Johnson.
12:17 of 2nd period - Shot Misses the Net.
12:19 of 2nd period - Slapshot by Jack Johnson.
12:19 of 2nd period - Shot Misses the Net.
12:41 of 2nd period - Wrist shot by Derick Brassard.
12:41 of 2nd period - Shot Misses the Net.
14:03 of 2nd period - Penalty to Paul Gaustad is over, Paul Gaustad is back on ice.
15:03 of 2nd period - Snap shot by Peter Holland.
15:03 of 2nd period - Stopped by Braden Holtby with a rebound.
15:09 of 2nd period - Peter Holland is hit by Dustin Brown and loses puck.
15:34 of 2nd period - Snap shot by Andrei Markov.
15:34 of 2nd period - Shot Misses the Net.
15:36 of 2nd period - Slapshot by Jack Johnson.
15:36 of 2nd period - Stopped by Braden Holtby without a rebound.
15:37 of 2nd period - David Krejci wins face-off versus Derick Brassard in Islanders zone.
16:21 of 2nd period - Minor Penalty to Dustin Brown for Hooking.
16:22 of 2nd period - Derick Brassard wins face-off versus Craig Adams in Islanders zone.
16:55 of 2nd period - Minor Penalty to Alexander Edler for High sticking.
16:56 of 2nd period - Derick Brassard wins face-off versus David Krejci in Canucks zone.
17:04 of 2nd period - Snap shot by Jamie Benn.
17:04 of 2nd period - Stopped by Ben Bishop with a rebound.
17:06 of 2nd period - Slapshot by Alexei Emelin.
17:06 of 2nd period - Shot Misses the Net.
17:08 of 2nd period - Slapshot by Jamie Benn.
17:08 of 2nd period - Shot Misses the Net.
17:10 of 2nd period - Wrist shot by David Krejci.
17:10 of 2nd period - Deflect By Jamie Benn.
17:10 of 2nd period - Shot Blocked by Jack Johnson.
17:10 of 2nd period - Puck is out of play.
17:11 of 2nd period - David Krejci wins face-off versus Derick Brassard in Canucks zone.
18:04 of 2nd period - Andrei Markov is hit by Alexei Emelin and loses puck.
18:21 of 2nd period - Penalty to Dustin Brown is over, Dustin Brown is back on ice.
18:21 of 2nd period - Snap shot by Jamie Benn.
18:21 of 2nd period - Shot Misses the Net.
18:52 of 2nd period - Joe Pavelski is hit by Jack Johnson and loses puck.
18:55 of 2nd period - Penalty to Alexander Edler is over, Alexander Edler is back on ice.
19:27 of 2nd period - Snap shot by Patrik Berglund.
19:27 of 2nd period - Stopped by Ben Bishop with a rebound.
Goals for this period are 1 for Islanders vs 0 for Canucks.
Shots for this period are 9 for Islanders vs 7 for Canucks.

3rd period


0:01 of 3rd period - Derick Brassard wins face-off versus Joe Pavelski in neutral zone.
0:20 of 3rd period - Minor Penalty to Derick Brassard for Hooking.
0:21 of 3rd period - Peter Holland wins face-off versus David Krejci in Canucks zone.
1:01 of 3rd period - Andrei Markov is hit by Brandon Pirri and loses puck.
1:43 of 3rd period - Tomas Kopecky is hit by Erik Karlsson and loses puck.
2:20 of 3rd period - Penalty to Derick Brassard is over, Derick Brassard is back on ice.
2:27 of 3rd period - Snap shot by Marian Hossa.
2:27 of 3rd period - Deflect By Peter Holland.
2:27 of 3rd period - Shot Blocked by Alexander Edler.
2:27 of 3rd period - Puck is out of play.
2:28 of 3rd period - Nazem Kadri wins face-off versus Joe Pavelski in Canucks zone.
3:03 of 3rd period - Christopher Tanev is hit by Olli Maatta and loses puck.
3:22 of 3rd period - Dalton Prout is hit by Clarke MacArthur and loses puck.
4:11 of 3rd period - Icing by Jack Johnson.
4:12 of 3rd period - Frans Nielsen wins face-off versus Peter Holland in Canucks zone.
4:17 of 3rd period - Snap shot by Tyler Ennis.
4:17 of 3rd period - Stopped by Ben Bishop with a rebound.
4:21 of 3rd period - Wrist shot by Frans Nielsen.
4:21 of 3rd period - Shot Misses the Net.
4:23 of 3rd period - Snap shot by Frans Nielsen.
4:23 of 3rd period - Shot Blocked by Jack Johnson.
4:25 of 3rd period - Wrist shot by Alexei Emelin.
4:25 of 3rd period - Stopped by Ben Bishop with a rebound.
4:27 of 3rd period - Slapshot by Olli Maatta.
4:27 of 3rd period - Deflect By Tyler Ennis.
4:27 of 3rd period - Shot Misses the Net.
4:27 of 3rd period - Puck is out of play.
4:28 of 3rd period - Frans Nielsen wins face-off versus Nazem Kadri in Canucks zone.
4:31 of 3rd period - Snap shot by Tyler Ennis.
4:31 of 3rd period - Stopped by Ben Bishop with a rebound.
4:35 of 3rd period - Snap shot by Dustin Brown.
4:35 of 3rd period - Stopped by Ben Bishop with a rebound.
4:37 of 3rd period - Wrist shot by Dustin Brown.
4:37 of 3rd period - Stopped by Ben Bishop with a rebound.
4:39 of 3rd period - Slapshot by Olli Maatta.
4:39 of 3rd period - Deflect By Tyler Ennis.
4:39 of 3rd period - Shot Blocked by Willie Mitchell.
4:39 of 3rd period - Puck is out of play.
4:40 of 3rd period - David Krejci wins face-off versus Jannik Hansen in Canucks zone.
4:59 of 3rd period - Slapshot by Brendan Gallagher.
4:59 of 3rd period - Stopped by Braden Holtby without a rebound.
5:00 of 3rd period - David Krejci wins face-off versus Clarke MacArthur in Islanders zone.
5:05 of 3rd period - Snap shot by Jamie Benn.
5:05 of 3rd period - Shot Misses the Net.
5:07 of 3rd period - Backhand shot by Brandon Pirri.
5:07 of 3rd period - Stopped by Ben Bishop without a rebound.
5:08 of 3rd period - Joe Pavelski wins face-off versus Derick Brassard in Canucks zone.
5:37 of 3rd period - Snap shot by Derick Brassard.
5:37 of 3rd period - Stopped by Braden Holtby without a rebound.
5:38 of 3rd period - Nazem Kadri wins face-off versus David Krejci in Islanders zone.
5:44 of 3rd period - Minor Penalty to David Krejci for Interference.
5:45 of 3rd period - Craig Smith wins face-off versus Paul Gaustad in Islanders zone.
6:53 of 3rd period - Carl Hagelin is hit by Brendan Gallagher and loses puck.
7:32 of 3rd period - Dalton Prout is hit by Willie Mitchell and loses puck.
7:44 of 3rd period - Penalty to David Krejci is over, David Krejci is back on ice.
7:56 of 3rd period - Snap shot by Brendan Gallagher.
7:56 of 3rd period - Stopped by Braden Holtby with a rebound.
8:56 of 3rd period - Olli Maatta is hit by Clarke MacArthur and loses puck.
9:39 of 3rd period - Snap shot by Joe Pavelski.
9:39 of 3rd period - Goal by Joe Pavelski - Islanders : 3 - Canucks : 2.
9:40 of 3rd period - Brendan Gallagher wins face-off versus Joe Pavelski in neutral zone.
9:53 of 3rd period - Backhand shot by Nazem Kadri.
9:53 of 3rd period - Shot Hit the Post.
10:34 of 3rd period - Icing by Brandon Pirri.
10:35 of 3rd period - Peter Holland wins face-off versus David Krejci in Islanders zone.
10:38 of 3rd period - Slapshot by Mats Zuccarello.
10:38 of 3rd period - Stopped by Braden Holtby with a rebound.
10:46 of 3rd period - Snap shot by Joel Ward.
10:46 of 3rd period - Stopped by Braden Holtby without a rebound.
10:47 of 3rd period - Derick Brassard wins face-off versus Frans Nielsen in Islanders zone.
10:52 of 3rd period - Snap shot by Craig Smith.
10:52 of 3rd period - Stopped by Braden Holtby without a rebound.
10:53 of 3rd period - Derick Brassard wins face-off versus Frans Nielsen in Islanders zone.
11:01 of 3rd period - Minor Penalty to Dalton Prout for Charging.
11:02 of 3rd period - Paul Gaustad wins face-off versus Nazem Kadri in Islanders zone.
11:10 of 3rd period - Snap shot by Mats Zuccarello.
11:10 of 3rd period - Stopped by Braden Holtby with a rebound.
11:12 of 3rd period - Snap shot by Mats Zuccarello.
11:12 of 3rd period - Shot Misses the Net.
11:14 of 3rd period - Backhand shot by Nazem Kadri.
11:14 of 3rd period - Shot Blocked by Craig Adams.
11:16 of 3rd period - Slapshot by Jack Johnson.
11:16 of 3rd period - Deflect By Paul Gaustad.
11:16 of 3rd period - Stopped by Braden Holtby with a rebound.
11:18 of 3rd period - Wrist shot by Nazem Kadri.
11:18 of 3rd period - Stopped by Braden Holtby with a rebound.
11:20 of 3rd period - Slapshot by Jack Johnson.
11:20 of 3rd period - Goal by Jack Johnson - Islanders : 3 - Canucks : 3.
11:21 of 3rd period - Derick Brassard wins face-off versus David Krejci in neutral zone.
12:04 of 3rd period - Minor Penalty to Erik Karlsson for Delaying the game.
12:05 of 3rd period - Nazem Kadri wins face-off versus Paul Gaustad in Islanders zone.
12:59 of 3rd period - Olli Maatta is hit by Willie Mitchell and loses puck.
14:04 of 3rd period - Penalty to Erik Karlsson is over, Erik Karlsson is back on ice.
14:44 of 3rd period - Wrist shot by Erik Karlsson.
14:44 of 3rd period - Shot Misses the Net.
14:46 of 3rd period - Snap shot by Brandon Pirri.
14:46 of 3rd period - Deflect By Christopher Tanev.
14:46 of 3rd period - Stopped by Ben Bishop without a rebound.
14:47 of 3rd period - Joe Pavelski wins face-off versus Peter Holland in Canucks zone.
15:38 of 3rd period - Minor Penalty to Dalton Prout for Cross-checking.
15:39 of 3rd period - Derick Brassard wins face-off versus Craig Adams in Islanders zone.
16:36 of 3rd period - Frans Nielsen is hit by Alexander Edler and loses puck.
16:57 of 3rd period - Andrei Markov is hit by Paul Gaustad and loses puck.
17:04 of 3rd period - Andrei Markov is hit by Kevin Klein and loses puck.
17:38 of 3rd period - Penalty to Dalton Prout is over, Dalton Prout is back on ice.
17:45 of 3rd period - Willie Mitchell is hit by Kevin Klein and loses puck.
17:58 of 3rd period - Wrist shot by Jamie Benn.
17:58 of 3rd period - Shot Blocked by Willie Mitchell.
18:00 of 3rd period - Slapshot by Erik Karlsson.
18:00 of 3rd period - Shot Blocked by Willie Mitchell.
18:02 of 3rd period - Wrist shot by Brandon Pirri.
18:02 of 3rd period - Stopped by Ben Bishop with a rebound.
18:58 of 3rd period - Christopher Tanev is hit by Dalton Prout.
Goals for this period are 1 for Islanders vs 1 for Canucks.
Shots for this period are 9 for Islanders vs 10 for Canucks.

Overtime #1


0:01 of 1st overtime period - David Krejci wins face-off versus Derick Brassard in neutral zone.
1:09 of 1st overtime period - Derick Brassard is hit by David Krejci and loses puck.
1:36 of 1st overtime period - Kevin Klein is hit by Antoine Roussel and loses puck.
2:16 of 1st overtime period - Joe Pavelski is hit by Craig Smith and loses puck.
3:01 of 1st overtime period - Slapshot by Erik Karlsson.
3:01 of 1st overtime period - Shot Misses the Net.
3:03 of 1st overtime period - Slapshot by Erik Karlsson.
3:03 of 1st overtime period - Shot Blocked by Alexander Edler.
3:05 of 1st overtime period - Wrist shot by Dustin Brown.
3:05 of 1st overtime period - Shot Blocked by Alexander Edler.
3:17 of 1st overtime period - Slapshot by Erik Karlsson.
3:17 of 1st overtime period - Stopped by Ben Bishop with a rebound.
3:19 of 1st overtime period - Slapshot by Erik Karlsson.
3:19 of 1st overtime period - Shot Blocked by Willie Mitchell.
3:51 of 1st overtime period - Wrist shot by Brendan Gallagher.
3:51 of 1st overtime period - Shot Misses the Net.
3:53 of 1st overtime period - Slapshot by Jack Johnson.
3:53 of 1st overtime period - Shot Misses the Net.
3:55 of 1st overtime period - Slapshot by Andrei Markov.
3:55 of 1st overtime period - Shot Blocked by Dustin Brown.
Goals for this period are 0 for Islanders vs 0 for Canucks.
Shots for this period are 1 for Islanders vs 0 for Canucks.

ShootOut


5:00 of 1st overtime period - Penalty Shot by Joe Pavelski for Islanders.
5:00 of 1st overtime period - Snap shot by Joe Pavelski.
5:00 of 1st overtime period - Stopped by Ben Bishop.
5:00 of 1st overtime period - Penalty Shot by Derick Brassard for Canucks.
5:00 of 1st overtime period - Snap shot by Derick Brassard.
5:00 of 1st overtime period - Goal by Derick Brassard.
5:00 of 1st overtime period - Penalty Shot by Frans Nielsen for Islanders.
5:00 of 1st overtime period - Snap shot by Frans Nielsen.
5:00 of 1st overtime period - Stopped by Ben Bishop.
5:00 of 1st overtime period - Penalty Shot by Tomas Kopecky for Canucks.
5:00 of 1st overtime period - Deke by Tomas Kopecky.
5:00 of 1st overtime period - Goal by Tomas Kopecky.